 Dungeon Crawl Stone Soup version 0.30-a0-989-g0d87f670db (webtiles) character file.

Game seed: 403162206737286235

96 Maxmaps the Trooper (level 4, -14/44 HPs)
             Began as a Draconian Monk on Apr 4, 2023.
             Killed by an exploding butterfly (24 damage)
             ... ignited by their inner flame
             ... on level 3 of the Dungeon.
             The game lasted 00:01:42 (1806 turns).

Maxmaps the Trooper (Draconian Monk)                Turns: 1806, Time: 00:01:42

Health: -14/44     AC:  5    Str: 19    XL:     4   Next: 41%
Magic:  4/4        EV: 12    Int: 12    God:
Gold:   112        SH:  0    Dex: 14    Spells: 3/3 levels left

rFire   . . .      SeeInvis .      - Unarmed
rCold   . . .      Faith    .    (no shield)
rNeg    . . .      Spirit   .    (body armour unavailable)
rPois   +          Reflect  .    (helmet restricted)
rElec   .          Rampage  .    (no cloak)
rCorr   .                        (no gloves)
Will    .....                    (no boots)
Stlth   ++                       (no amulet)
HPRegen 0.27/turn                i - ring of poison resistance
MPRegen 0.09/turn                r - +6 ring of strength

@: no status effects
A: AC +5, unfitting armour, cold-blooded
a: no special abilities


You were on level 3 of the Dungeon.
You visited 1 branch of the dungeon, and saw 3 of its levels.

You collected 112 gold pieces.

Inventory:

Jewellery
 i - a ring of poison resistance (left hand)
 r - a +6 ring of strength (right hand)
Scrolls
 a - a scroll of butterflies
 d - 3 scrolls of teleportation
 h - a scroll of immolation
 j - a scroll of poison {unknown}
 l - a scroll of identify {unknown}
 o - a scroll of enchant weapon {unknown}
 q - a scroll of fear {unknown}
Potions
 b - a potion of degeneration {unknown}
 c - a potion of invisibility {unknown}
 g - a potion of brilliance {unknown}
 k - a potion of haste {unknown}
 m - a potion of might {unknown}
 n - 2 potions of curing {unknown}
 p - a potion of heal wounds {unknown}


   Skills:
 + Level 5.8 Fighting
 - Level 2.6 Dodging
 - Level 1.7 Stealth
 - Level 3.0 Unarmed Combat


You had 3 spell levels left.
You didn't know any spells.
Your spell library contained the following spells:

 Spells                   Type           Power      Damage    Failure   Level
 Ozocubu's Armour         Ice            0%         N/A       69%         3
 Metabolic Englaciation   Hex/Ice        0%         N/A       100%        5
 Simulacrum               Ice/Necr       0%         N/A       100%        6


Dungeon Overview and Level Annotations

Branches:
Dungeon (3/15)

Altars:


Innate Abilities, Weirdness & Mutations

Your plain brown scales are hard. (AC +5)
You cannot fit into any form of body armour.
You are cold-blooded and may be slowed by cold attacks.


Message History

Your butterfly disappears in a burst of colours!
The fiery explosion engulfs your butterfly!
Your butterfly disappears in a burst of colours!
The fiery explosion engulfs your butterfly!!
Your butterfly disappears in a burst of colours!
The fiery explosion engulfs your butterfly!!
Your butterfly disappears in a burst of colours!
Your butterfly explodes!
The fiery explosion engulfs your butterfly!!
Your butterfly disappears in a burst of colours!
The fiery explosion engulfs your butterfly!
Your butterfly disappears in a burst of colours!
The fiery explosion engulfs your butterfly!!
Your butterfly disappears in a burst of colours!
The fiery explosion engulfs your butterfly!!
Your butterfly disappears in a burst of colours!
Your butterfly explodes!
The fiery explosion engulfs your butterfly!!
Your butterfly disappears in a burst of colours!
The fiery explosion engulfs your butterfly!!
Your butterfly disappears in a burst of colours!
The fiery explosion engulfs your butterfly!
Your butterfly disappears in a burst of colours!
Your butterfly explodes!
The fiery explosion engulfs your butterfly!!
Your butterfly disappears in a burst of colours!
The fiery explosion engulfs your butterfly!!
Your butterfly disappears in a burst of colours!
The fiery explosion engulfs your butterfly!!
Your butterfly disappears in a burst of colours!
Your butterfly explodes!
The fiery explosion engulfs you!!
Ouch! That really hurt!
* * * LOW HITPOINT WARNING * * *
The fiery explosion engulfs your butterfly!!
Your butterfly disappears in a burst of colours!
Your butterfly explodes!
The fiery explosion engulfs you!!
Ouch! That really hurt!
You die...

.. .# #. .#
#. .# #.##.#
..#.#
####.#.##
#..bb...#
#...§bbb#
#bbb@§§.#
.$.§§§b§§§b#
..b§§§§§§§.#
.bb§.§§§§§.#
..bb§§§§####
..b.b.§§#
....b...#
........#


There were no monsters in sight!

Vanquished Creatures
  An orc wizard (D:2)
  2 adders (D:2)
  5 worms
  3 dart slugs
  2 orcs (D:2)
  3 bats (D:1)
  3 endoplasms
  2 goblins (D:2)
  4 hobgoblins
  3 kobolds (D:1)
  3 ball pythons (D:2)
  6 rats
37 creatures vanquished.

Notes
Turn   | Place    | Note
-------+----------+-------------------------------------------
     0 | D:1      | Maxmaps the Draconian Monk began the quest for the Orb.
     0 | D:1      | Reached XP level 1. HP: 19/19 MP: 1/1
   305 | D:1      | Reached XP level 2. HP: 25/27 MP: 2/2
   323 | D:1      | Reached skill level 4 in Fighting
  1027 | D:2      | Reached XP level 3. HP: 30/34 MP: 3/3
  1306 | D:2      | Reached skill level 5 in Fighting
  1426 | D:2      | Reached XP level 4. HP: 21/42 MP: 4/4
  1806 | D:3      | Killed by an exploding butterfly... ignited by their inner
                  | flame

Illustrated notes

Levels and vault maps discovered:
D:1:      minmay_arrival_wavy_path, layout_basic
D:2:      layout_loops_ring, minmay_pentomino_pile
D:3:      minmay_spotlight, layout_rooms, eino_tiny_chamber

Skill      XL: |  1  2  3 |
---------------+----------+-----
Fighting       | 4 5 |  5.8
Dodging        | |  2.6
Stealth        | |  1.7
Unarmed Combat | |  3.0

Action                     |  1- 3 |  4- 6 || total
---------------------------+-------+-------++-------
  Melee: Unarmed           |   141 |    10 ||   151
         Tailslap          |    20 |     2 ||    22
         Punch             |     5 |     1 ||     6
    Use: Scroll            |       |     5 ||     5
         Potion            |       |     1 ||     1
   Stab: Sleeping          |     5 |       ||     5
 Armour: Skin              |    42 |     3 ||    45
  Dodge: Dodged            |    84 |     2 ||    86

Table legend: (Time is in decaauts)
 A = Elapsed time spent in this place.
 B = Non-inter-level travel time spent in this place.
 C = Inter-level travel time spent in this place.
 D = Time resting spent in this place.
 E = Time spent auto-exploring this place.
 F = Levels seen in this place.
 G = Mean time per level.
                   A        B        C        D        E       F      G
               +--------+--------+--------+--------+--------+-----+--------+
         Total |   1799 |   1743 |     56 |      4 |   1417 |   3 |  599.7 |
       Dungeon |   1799 |   1743 |     56 |      4 |   1417 |   3 |  599.7 |
               +--------+--------+--------+--------+--------+-----+--------+

Top non-repeatable levels by time:
     D:1: 922 daAuts
     D:2: 865 daAuts
     D:3: 11 daAuts
